 Dungeon Crawl Stone Soup version 0.29-a0-823-gc37b1572da (webtiles) character file.

Game seed: 2993215084942106263

7518 jimonade the Thaumaturge (level 11, -6/76 HPs)
             Began as a Djinni Fire Elementalist on July 8, 2022.
             Was an Elder of Makhleb.
             Killed by an exploding orc (8 damage)
             ... ignited by their inner flame
             ... on level 2 of the Orcish Mines on July 9, 2022.
             The game lasted 00:50:04 (14864 turns).

jimonade the Thaumaturge (DjFE)                    Turns: 14864, Time: 00:50:04

Health: -6/76      AC: 13    Str: 11    XL:     11   Next: 38%
Gold:   2043       EV:  9    Int: 18    God:    Makhleb [****..] SH: 15 Dex: 19

rFire   + + +      SeeInvis .   a - +3 spear
rCold   x . .      Faith    .   r - +2 kite shield {rF+}
rNeg    + . .      Spirit   .   t - +1 ring mail {Will+}
rPois   ∞          Reflect  +   x - +2 helmet
rElec   .          Harm     .   U - +0 cloak
rCorr   .          Rampage  .   F - +2 pair of gloves
Will    ++...                   (boots unavailable)
Stlth   +.........              V - amulet of reflection
HPRegen 0.22/turn               P - ring of positive energy
MPRegen 0.00/turn               I - +6 ring of dexterity

@: flying
A: sickness immunity, fire resistance 2, cold vulnerability 1, float, innate
caster, HP casting, extra vitality 1
a: Renounce Religion, Minor Destruction, Lesser Servant of Makhleb, Major
Destruction


You were on level 2 of the Orcish Mines.
You worshipped Makhleb.
Makhleb was greatly pleased with you.
You visited 3 branches of the dungeon, and saw 13 of its levels.

You collected 2043 gold pieces.

Inventory:

Hand Weapons
 a - a +3 spear (weapon)
 b - a +1 shortbow
 d - a +0 glaive
 i - a +1 dagger of electrocution
 k - a +2 dagger of speed
 l - a +0 great sword
 q - a +4 dagger
 B - a +0 quarterstaff
 D - a +0 halberd
 J - a +0 sling
 O - the +6 shillelagh "Devastator" {shatter}
   (You found it on level 6 of the Dungeon)

   It releases a powerful concussive burst when it strikes, dealing extra damage
   to the target and all other foes adjacent to them.
 R - a +1 dagger of venom
Missiles
 c - 119 stones
 n - 45 poisoned darts
 E - a throwing net
 M - 8 boomerangs
Armour
 e - +0 acid dragon scales
 r - a +2 kite shield of fire resistance (worn)
 s - a +1 robe of positive energy
 t - a +1 ring mail of willpower (worn)
 w - +0 steam dragon scales
 x - a +2 helmet (worn)
 F - a +2 pair of gloves (worn)
 K - a +0 plate armour
 U - a +0 cloak (worn)
Jewellery
 m - a ring of protection from fire
 I - a +6 ring of dexterity (right hand)
 P - a ring of positive energy (left hand)
 S - a ring of ice
 V - an amulet of reflection (around neck)
 W - an amulet of faith
Wands
 f - a wand of flame (16)
 z - a wand of iceblast (3)
 N - a wand of polymorph (3)
 T - a wand of paralysis (9)
 Z - a wand of digging (7)
Scrolls
 h - 5 scrolls of identify
 j - 4 scrolls of fog
 y - 3 scrolls of enchant weapon
 C - 2 scrolls of poison
 G - a scroll of immolation
 H - 4 scrolls of teleportation
 L - 3 scrolls of enchant armour
 X - a scroll of blinking
Potions
 g - 4 potions of curing
 o - 2 potions of invisibility
 p - a potion of mutation {unknown}
 u - a potion of lignification {unknown}
 v - a potion of cancellation {unknown}
 Q - 2 potions of haste


   Skills:
 * Level 5.9 Fighting
 - Level 3.8 Ranged Weapons
 + Level 2.4 Armour
 + Level 3.0 Dodging
 - Level 1.5 Stealth
 * Level 11.5 Spellcasting


You had 6 spell levels left.
You knew the following spells:

 Your Spells              Type           Power      Damage    Failure   Level
a - Foxfire               Conj/Fire      100%       2x1d9     1%          1
b - Scorch                Fire           100%       2d10      1%          2
c - Conjure Flame         Conj/Fire      51%        6-21      1%          3
d - Inner Flame           Hex/Fire       51%        N/A       1%          3
e - Flame Wave            Conj/Fire      51%        2d10      4%          4
f - Sandblast             Erth           100%       2d20      1%          1
g - Ensorcelled Hibernat  Hex/Ice        100%       N/A       1%          2
h - Mephitic Cloud        Conj/Pois/Air  51%        N/A       1%          3
i - Swiftness             Air            51%        N/A       1%          3
j - Iskenderun's Battles  Conj           51%        2d10      14%         5
Your spell library was empty.

Dungeon Overview and Level Annotations

Branches:
Dungeon (10/15)            Temple (1/1) D:7             Orc (2/2) D:10
   Lair: D:8-11         Elf: Orc:2

Altars:
Cheibriados
Dithmenos
Elyvilon
Fedhas
Gozag
Hepliaklqana
Makhleb
Nemelex Xobeh
Okawaru
Qazlal
Ru
Trog
Uskayaw
Wu Jian
Yredelemnul
Zin
The Shining One

Shops:
D:3 :

Annotations:
Orc:2 Saint Roka


Innate Abilities, Weirdness & Mutations

You are immune to sickness and miasma.
You are immune to poison.
Your flesh is very heat resistant. (rF++)
You are vulnerable to cold. (rC-)
You float through the air rather than walking.
You learn spells naturally, not from books.
Your magical power is your life essence.
You have superior vitality. (+4 MHP)


Message History

The orc wizard shouts!
You are engulfed in blazing flames.
You resist. You block the orc's attack. The gnoll barely misses you.
You block the orc warrior's attack.
You block the troll's attack. x2; The troll claws you!
* * * LOW HITPOINT WARNING * * *
An orc comes into view. It is wielding a +0 dagger.
An orc warrior comes into view. It is wielding a +0 battleaxe.
Saint Roka roars a battlecry!
The orcs go into a battle-frenzy!
Casting: Inner Flame (safe; 1% risk of failure)
Confirm with . or Enter, or press ? or * to list all spells.
Casting: Flame Wave (dangerous; 4% risk of failure)
Press: ? - help, Dir - look around, f - activate A wave of flame ripples out!
The flame wave engulfs the orc!
You kill the orc!
Makhleb accepts your kill.
You feel better.
The flame wave engulfs the orc warrior.
Flame seeps out of the orc warrior.
The orc warrior is lightly wounded.
The flame wave engulfs the orc.
Flame seeps out of the orc.
The orc is almost dead.
The flame wave engulfs the troll!
The troll is severely wounded. (Press . to intensify the flame waves.)
* * * LOW HITPOINT WARNING * * *
You are engulfed in blazing flames.
You resist.
* * * LOW HITPOINT WARNING * * *
You block the gnoll's attack.
The orc warrior is engulfed in blazing flames.
Flame seeps out of the orc warrior.
The orc warrior hits you but does no damage.
The troll bites you!
* * * LOW HITPOINT WARNING * * *
The troll claws you but does no damage. x2
The orc is engulfed in blazing flames.
Makhleb accepts your kill.
You feel better.
The orc explodes!
The fiery explosion engulfs you! You resist.
You die...

............#..
.oo............
..Oo..........
............##
.............#
....$).......#
......)oT....#.
......§@§o....#
......§○§Oo..#.
.....o§§og.....
....)oooo.h....
....o.....o....
.#..$..........
...............
...............


You could see Saint Roka, a troll, a warg, 5 orc warriors, 2 ogres, 2 orc
priests, an orc wizard, a gnoll and 5 orcs.

Vanquished Creatures
  A cyclops (D:9)
  Maurice (D:8)
  A troll (D:9)
  2 hornets (D:8)
  A vampire (D:9)
  8 yaks
  2 vampire mosquitoes (D:10)
  3 steam dragons (D:8)
  An acid dragon (D:8)
  2 black bears
  3 orc warriors
  2 ice beasts
  A sky beast (D:8)
  4 centaurs
  6 ogres
  2 phantoms
  5 kobold brigands
  6 bullfrogs
  A gnoll sergeant (D:10)
  4 necrophages
  2 scorpions
  4 wights (D:8)
  A killer bee (D:8)
  2 howler monkeys
  2 jellies
  8 orc priests
  2 hounds
  An iguana (D:5)
  9 orc wizards
  17 gnolls
  11 adders
  2 shadow imps
  A white imp (D:5)
  2 ufetubi
  7 worms
  2 dart slugs
  35 orcs
  7 ball pythons
  5 bats
  5 endoplasms
  6 giant cockroaches
  10 goblins
  9 hobgoblins
  7 jackals
  4 quokkas
  5 frilled lizards
  18 kobolds
  4 rats
244 creatures vanquished.

Vanquished Creatures (others)
  154 foxfires
154 creatures vanquished.

Grand Total: 398 creatures vanquished

Notes
Turn   | Place    | Note
-------+----------+-------------------------------------------
     0 | D:1      | jimonade the Djinni Fire Elementalist began the quest for
                  | the Orb.
     0 | D:1      | jimonade set off with the following spells memorised:
                  | Foxfire, Scorch, Conjure Flame, Inner Flame, Flame Wave.
     0 | D:1      | Reached XP level 1. HP: 15/15 MP: 0/0
   132 | D:1      | Reached XP level 2. HP: 20/21 MP: 0/0
   357 | D:1      | Reached skill level 3 in Spellcasting
   359 | D:1      | Reached XP level 3. HP: 22/26 MP: 0/0
   359 | D:1      | Learned a level 1 spell: Sandblast
   937 | D:2      | Found a sacrificial altar of Ru.
  1172 | D:2      | Reached skill level 1 in Fighting
  1196 | D:2      | Reached XP level 4. HP: 25/32 MP: 0/0
  1400 | D:2      | Reached skill level 1 in Ranged Weapons
  1978 | D:2      | Found a faded altar of an unknown god.
  2494 | D:3      | Found Mikummy's Book Boutique.
  2541 | D:3      | Reached XP level 5. HP: 35/37 MP: 0/0
  2541 | D:3      | Learned a level 2 spell: Ensorcelled Hibernation
  2721 | D:3      | Found a burning altar of Makhleb.
  2721 | D:3      | Found a glowing silver altar of Zin.
  2722 | D:3      | Noticed an angel
  2722 | D:3      | Noticed a blizzard demon
  2725 | D:3      | Became a worshipper of Makhleb the Destroyer
  3192 | D:3      | Found a white marble altar of Elyvilon.
  3417 | D:4      | Noticed an ogre
  3432 | D:4      | Killed an ogre
  3433 | D:4      | Reached skill level 4 in Spellcasting
  3433 | D:4      | Reached XP level 6. HP: 32/43 MP: 0/0
  4125 | D:5      | Entered Level 5 of the Dungeon
  4138 | D:4      | Reached XP level 7. HP: 25/49 MP: 0/0
  4138 | D:4      | Learned a level 3 spell: Mephitic Cloud
  4298 | D:5      | Reached * piety under Makhleb
  4311 | D:5      | Reached skill level 5 in Spellcasting
  5151 | D:5      | Reached XP level 8. HP: 8/55 MP: 0/0
  5836 | D:5      | Found a sacrificial altar of Ru.
  5928 | D:5      | Found a hide-covered altar of Uskayaw.
  6089 | D:5      | Reached skill level 6 in Spellcasting
  6945 | D:6      | Reached ** piety under Makhleb
  6949 | D:6      | Reached skill level 7 in Spellcasting
  7078 | D:6      | Found the +6 shillelagh "Devastator" {shatter}
  7090 | D:6      | Reached XP level 9. HP: 51/61 MP: 0/0
  7090 | D:6      | Learned a level 3 spell: Swiftness
  7853 | D:7      | Reached skill level 8 in Spellcasting
  8804 | D:7      | Found a staircase to the Ecumenical Temple.
  8813 | Temple   | Entered the Ecumenical Temple
  9122 | D:8      | Identified a scroll of acquirement
  9122 | D:8      | Acquired 1352 gold pieces
  9641 | D:8      | Noticed a hornet
  9652 | D:8      | Killed a hornet
  9653 | D:8      | Reached skill level 9 in Spellcasting
  9653 | D:8      | Reached XP level 10. HP: 42/68 MP: 0/0
 10590 | D:8      | Reached skill level 1 in Armour
 10653 | D:8      | Noticed Maurice
 10669 | D:8      | Killed Maurice
 11275 | D:8      | Reached *** piety under Makhleb
 11276 | D:8      | Reached skill level 10 in Spellcasting
 11278 | D:8      | Reached skill level 5 in Fighting
 12045 | D:9      | Noticed a cyclops
 12053 | D:9      | Killed a cyclops
 12188 | D:9      | Reached XP level 11. HP: 52/76 MP: 0/0
 12188 | D:9      | Learned a level 5 spell: Iskenderun's Battlesphere
 13106 | D:9      | You are sucked into a shaft and drop 1 floor!
 13106 | D:10     | Entered Level 10 of the Dungeon
 13794 | D:10     | Reached **** piety under Makhleb
 13860 | D:10     | Reached skill level 11 in Spellcasting
 13891 | D:10     | Found a staircase to the Orcish Mines.
 14790 | Orc:1    | Entered Level 1 of the Orcish Mines
 14856 | Orc:2    | Entered Level 2 of the Orcish Mines
 14856 | Orc:2    | Noticed Saint Roka
 14864 | Orc:2    | HP: 1/76 [troll (12)]
 14864 | Orc:2    | Killed by an exploding orc... ignited by their inner flame

Illustrated notes

Levels and vault maps discovered:
D:1:      dpeg_arrival_short_road, layout_basic, item_on_display_a
D:2:      layout_basic, ebering_ecumenical_altar_ruins, basic_altar
D:3:      layout_loops_ring, grunt_temple_overflow_order_and_chaos_2,
          nicolae_overflow_hidden_temple, serial_shops, nicolae_shop_stone
D:4:      layout_basic, hangedman_decor_opposing
D:5:      layout_loops_ring, nicolae_uskayaw_suspiria, hangedman_ru_absence,
          serial_rivers, chequers_serial_rivers_micro_c,
          chequers_serial_rivers_micro_b, chequers_serial_rivers_small_b,
          chequers_serial_rivers_micro_d, grunt_ministairs_6
D:6:      layout_cave_pods, serial_glass, glass_columns_b, glass_columns_b,
          item_on_display_a, dilly_guarded_unrand_devastator
D:7:      layout_cave_pods, lemuel_temple_firewalk_a, minmay_strange_pillars,
          moated_statue
D:8:      layout_layer_cave, enter_bailey_4, minmay_strange_pillars,
          minmay_joined_circles, uniq_maurice
D:9:      layout_layer_cave, hellmonk_bongcloud_opening
D:10:     layout_gridville, orc_0_dummy
Temple:   nicolae_temple_bog_church
Orc:1:    layout_caves, nicolae_volcano_entry_two_sided, serial_shops,
          nicolae_shop_temple_entry_statues_fountains
Orc:2:    grunt_orc_tribal_feast, layout_caves, uniq_saint_roka

Skill      XL: |  1  2  3  4  5  6  7  8  9 10 11 |
---------------+----------------------------------+-----
Spellcasting   | 3 4 5 7 9 10 11 | 11.5
Fighting       | 1 2 3 4 5 |  5.9
Ranged Weapons | 1 2 3 |  3.8
Armour         | 2 |  2.4
Dodging        | 3 |  3.0
Stealth        | |  1.5

Action                   |  1- 3 |  4- 6 |  7- 9 | 10-12 || total
-------------------------+-------+-------+-------+-------++-------
Melee: Dagger            |       |     3 |       |       ||     3
 Fire: Sling             |    41 |    86 |     5 |       ||   132
       Shortbow          |       |       |    22 |     9 ||    31
 Cast: Foxfire           |    19 |       |    33 |    38 ||    90
       Scorch            |    13 |    51 |    45 |    44 ||   153
       Sandblast         |     1 |       |       |       ||     1
       Ensorcelled Hiber |       |     5 |       |       ||     5
       Conjure Flame     |       |     2 |       |     1 ||     3
       Inner Flame       |       |       |    69 |    89 ||   158
       Flame Wave        |       |       |       |     3 ||     3
  Use: Scroll            |       |       |    18 |       ||    18
 Stab: Sleeping          |       |     2 |       |       ||     2
Armor: Robe              |     7 |     3 |     1 |       ||    11
       Ring mail         |       |       |       |    15 ||    15
       Acid dragon scale |       |       |       |    10 ||    10
Dodge: Dodged            |    14 |    13 |    12 |    24 ||    63
Block: Reflection        |       |       |       |     6 ||     6
       Kite shield       |       |       |       |    18 ||    18
       Other             |       |       |       |     1 ||     1

Table legend: (Time is in decaauts)
 A = Elapsed time spent in this place.
 B = Non-inter-level travel time spent in this place.
 C = Inter-level travel time spent in this place.
 D = Time resting spent in this place.
 E = Time spent auto-exploring this place.
 F = Levels seen in this place.
 G = Mean time per level.
                   A        B        C        D        E       F      G
               +--------+--------+--------+--------+--------+-----+--------+
         Total |  14921 |  14163 |    758 |   2047 |  10129 |  13 | 1147.8 |
       Dungeon |  14703 |  13950 |    753 |   2047 |   9945 |  10 | 1470.3 |
        Temple |    144 |    139 |      5 |      0 |    127 |   1 |  144.0 |
  Orcish Mines |     72 |     72 |      0 |      0 |     57 |   2 |   36.0 |
               +--------+--------+--------+--------+--------+-----+--------+

Top non-repeatable levels by time:
     D:8: 2109 daAuts
     D:5: 1965 daAuts
     D:9: 1832 daAuts
     D:7: 1584 daAuts
     D:2: 1500 daAuts
    D:10: 1303 daAuts
     D:6: 1296 daAuts
     D:4: 1256 daAuts
     D:3: 985 daAuts
     D:1: 868 daAuts
  Temple: 144 daAuts
   Orc:1: 64 daAuts
   Orc:2: 7 daAuts
